 Dungeon Crawl Stone Soup version 0.28.0 (webtiles) character file.

Game seed: 8070932445323116767

5985 browni3141 the Fighter (level 10, -1/93 HPs)
             Began as a Minotaur Berserker on Feb 10, 2022.
             Was a Priest of Trog.
             Slain by a seven-headed hydra (13 damage)
             ... on level 9 of the Dungeon.
             The game lasted 00:04:51 (7155 turns).

browni3141 the Fighter (Minotaur Berserker)         Turns: 7155, Time: 00:04:51

Health: -1/93      AC: 11    Str: 26    XL:     10   Next: 55%
Magic:  9/9        EV: 14    Int:  4    God:    Trog [***...]
Gold:   415        SH:  0    Dex: 10    Spells: 9/9 levels left

rFire   . . .      SeeInvis .   A - +0 broad axe
rCold   . . .      Faith    .   (no shield)
rNeg    . . .      Spirit   .   B - +0 swamp dragon scales
rPois   +          Reflect  .   (helmet restricted)
rElec   .          Harm     .   (no cloak)
rCorr   .          Rampage  .   (no gloves)
Will    .....                   q - +0 pair of boots
Stlth   ..........              (no amulet)
HPRegen 0.25/turn               (no ring)
MPRegen 0.11/turn               (no ring)

@: on berserk cooldown, slowed, very slow
A: horns 2, retaliatory headbutt
a: Renounce Religion, Berserk, Trog's Hand


You were on level 9 of the Dungeon.
You worshipped Trog.
Trog was most pleased with you.
You visited 2 branches of the dungeon, and saw 10 of its levels.

You collected 415 gold pieces.

Inventory:

Hand Weapons
 a - a +0 hand axe
 m - a +0 war axe
 A - a +0 broad axe (weapon)
Missiles
 t - 4 throwing nets (quivered)
Armour
 b - a +0 animal skin
 d - a +0 plate armour
 q - a +0 pair of boots (worn)
 B - +0 swamp dragon scales (worn)
Jewellery
 l - an amulet of magic regeneration
 y - a ring of protection from cold
 D - the ring "Uthriw" {Will+ rCorr}
   (You found it on level 8 of the Dungeon)

   [ring of resist corrosion]

   rCorr:     It protects you from acid and corrosion.
   Will:      It increases your willpower.
Wands
 i - a wand of flame (12)
 v - a wand of digging (4)
 E - a wand of charming (5)
Scrolls
 f - 3 scrolls of fog {unknown}
 h - 3 scrolls of enchant weapon {unknown}
 j - 5 scrolls of immolation {unknown}
 k - a scroll of fear {unknown}
 n - 2 scrolls of vulnerability {unknown}
 o - a scroll of enchant armour {unknown}
 p - 2 scrolls of teleportation {unknown}
 r - 2 scrolls of noise {unknown}
 u - a scroll of magic mapping {unknown}
 w - 2 scrolls of silence {unknown}
 x - a scroll of holy word {unknown}
 z - 3 scrolls of identify {unknown}
Potions
 c - 3 potions of curing {unknown}
 e - 2 potions of heal wounds
 g - 3 potions of resistance {unknown}
 s - 2 potions of attraction {unknown}
 C - a potion of might {unknown}


   Skills:
 + Level 10.2 Fighting
 + Level 10.2 Axes
 + Level 9.9 Armour
 + Level 9.1 Dodging


You had 9 spell levels left.
You didn't know any spells.
Your spell library was empty.

Dungeon Overview and Level Annotations

Branches:
Dungeon (9/15)             Temple (1/1) D:5            Lair (0/6) D:9
    Orc: D:9-12

Altars:
Ashenzari
Cheibriados
Gozag
Nemelex Xobeh
Ru
Sif Muna
Trog
Uskayaw
Wu Jian
Yredelemnul
Zin
The Shining One

Shops:
D:6 :

Annotations:
D:5 1 runed translucent door, Esekla's ghost, novice BaNe


Innate Abilities, Weirdness & Mutations

You have a pair of horns on your head.
You reflexively headbutt those who attack you in melee.


Message History

The centaur zombie hits you but does no damage.
The centaur zombie barely misses you.
The tengu warrior hits you with a +0 battleaxe!
The tengu warrior pecks you but does no damage.
The tengu warrior claws you but does no damage.
The centaur closely misses you. The centaur kicks you.
Your life force feels restored.
You slash the centaur zombie!
The centaur zombie is severely damaged.
You hit the tengu warrior but do no damage.
You completely miss the centaur.
The centaur zombie barely misses you. x2
The centaur hits you.
* * * LOW HITPOINT WARNING * * *
The centaur closely misses you.
The tengu warrior hits you with a +0 battleaxe!
* * * LOW HITPOINT WARNING * * *
The tengu warrior pecks you but does no damage.
The tengu warrior claws you.
* * * LOW HITPOINT WARNING * * *
The centaur zombie closely misses you. You furiously retaliate!
You headbutt the centaur zombie!
You destroy the centaur zombie!
Trog accepts your kill.
The centaur wields a +0 shortbow.
The centaur shoots an arrow.
The arrow hits you but does no damage. The centaur barely misses you.
The centaur closely misses you.
The tengu warrior completely misses you.
You furiously retaliate!
You headbutt the tengu warrior.
The tengu warrior completely misses you.
The tengu warrior closely misses you.
You closely miss the centaur.
The centaur is lightly wounded.
You hack one of the six-headed hydra's heads off!
The five-headed hydra grows two more!
You slice the seven-headed hydra!! You barely miss the tengu warrior.
The centaur hits you but does no damage.
The centaur kicks you but does no damage.
The centaur closely misses you. The centaur barely misses you.
The seven-headed hydra bites you!
You die...

.....# #...# #.....
....... ....# ..# ##..##.
....... ..... ..# #..###.
############## ..# #..# #.
...§ ....... ..# #..###.
.8.§ #..... ##.. ####
##...#. ..§§ #.....
#c.#..... #..... ≈.≈§
#..... #Dc...... #..##.
≈.≈≈ #.....##@Q.#####
##..#. ≈§≈§
#.....#)####...#### #..#.
§§§§
#......##.........###....
≈§≈§
#.............#..........
≈≈≈.
#.............#.<........
....
#..########...##.........
.##
#..#.....##....#......#.#
....#.PPP.##....#......#..
#####...P.'.....#......##.


You could see a seven-headed hydra, a tengu warrior and 2 centaurs.

Vanquished Creatures
  Harold (D:8)
  2 two-headed ogres
  The ghost of horus123 the Destroyer, a novice DECj of Vehumet (D:8)
  Maggie (D:7)
  A shadow (D:9)
  A wyvern (D:8)
  A water moccasin (D:4)
  3 ice beasts
  A necrophage (D:5)
  An orc warrior (D:9)
  An ogre (D:5)
  6 centaurs
  A kobold brigand (D:8)
  A bullfrog (D:8)
  2 scorpions
  2 wyvern zombies
  A water moccasin zombie (D:5)
  A killer bee (D:9)
  15 wights
  2 electric eels (D:3)
  A howler monkey (D:7)
  2 bullfrog skeletons
  4 centaur zombies
  5 hounds
  4 orc priests
  2 centaur skeletons
  A gnoll shaman (D:3)
  2 iguanas (D:4)
  3 orc wizards
  A killer bee zombie (D:6)
  A howler monkey zombie (D:9)
  Robin (D:4)
  8 gnolls
  A howler monkey skeleton (D:6)
  2 adders
  A white imp (D:8)
  2 ufetubi (D:5)
  An adder skeleton (D:5)
  A worm (D:4)
  A dart slug (D:3)
  21 orcs
  3 endoplasms
  2 giant cockroaches
  5 hobgoblins
  3 kobolds
  2 quokkas
  4 ball pythons
  6 bats
  12 goblins
  4 rats
151 creatures vanquished.

Vanquished Creatures (others)
  4 plants (D:3)
4 creatures vanquished.

Grand Total: 155 creatures vanquished

Notes
Turn   | Place    | Note
-------+----------+-------------------------------------------
     0 | D:1      | browni3141 the Minotaur Berserker began the quest for the
                  | Orb.
     0 | D:1      | Reached XP level 1. HP: 19/19 MP: 0/0
   156 | D:1      | You fall into a shaft and drop 1 floor!
   189 | D:2      | Reached XP level 2. HP: 27/27 MP: 1/1
   485 | D:3      | Reached XP level 3. HP: 33/33 MP: 2/2
   492 | D:3      | Reached XP level 4. HP: 41/41 MP: 3/3
   660 | D:3      | Found a shimmering blue altar of Sif Muna.
   664 | D:3      | Found a transporter.
   665 | D:3      | Found a transporter.
   757 | D:3      | Found a broken altar of Ashenzari.
  1213 | D:3      | Reached XP level 5. HP: 34/47 MP: 4/4
  1456 | D:3      | Found a snail-covered altar of Cheibriados.
  1505 | D:4      | Found a basalt altar of Yredelemnul.
  1559 | D:4      | Noticed Robin
  1566 | D:4      | Reached ** piety under Trog
  1582 | D:4      | Killed Robin
  1611 | D:4      | Reached skill level 5 in Fighting
  1611 | D:4      | Reached skill level 5 in Axes
  1742 | D:4      | Reached XP level 6. HP: 29/56 MP: 5/5
  1942 | D:4      | Noticed a water moccasin
  1950 | D:4      | Killed a water moccasin
  2379 | D:4      | Found an ornate altar of the Wu Jian Council.
  2387 | D:4      | Reached skill level 5 in Armour
  2418 | D:4      | Reached XP level 7. HP: 62/62 MP: 6/6
  2455 | D:4      | Found a sparkling altar of Nemelex Xobeh.
  2682 | D:5      | Entered Level 5 of the Dungeon
  2853 | D:5      | Found a staircase to the Ecumenical Temple.
  2861 | D:5      | Reached skill level 5 in Dodging
  2969 | D:5      | Found a runed translucent door.
  3067 | D:5      | Noticed Esekla's ghost (novice BaNe)
  3450 | Temple   | Entered the Ecumenical Temple
  3480 | D:6      | Reached XP level 8. HP: 61/71 MP: 7/7
  3685 | D:6      | Found Qeteacu's Book Shoppe.
  4384 | D:6      | Found an opulent altar of Gozag.
  5039 | D:7      | Noticed Maggie
  5048 | D:7      | Killed Maggie
  5049 | D:7      | Reached XP level 9. HP: 77/81 MP: 8/8
  5408 | D:7      | Identified the +3 leather armour of the Game Afoot {+Blink}
  5884 | D:8      | Noticed a two-headed ogre
  5889 | D:8      | Killed a two-headed ogre
  6054 | D:8      | Found a sacrificial altar of Ru.
  6202 | D:8      | Reached *** piety under Trog
  6261 | D:8      | Noticed Harold
  6262 | D:8      | Found a runed translucent door.
  6273 | D:8      | Killed Harold
  6274 | D:8      | Reached XP level 10. HP: 49/91 MP: 9/9
  6537 | D:8      | Identified the ring "Uthriw" {Will+ rCorr}
  6632 | D:8      | Noticed horus123's ghost (novice DECj)
  6757 | D:8      | Killed horus123's ghost
  6857 | D:9      | Found a glowing silver altar of Zin.
  6923 | D:9      | Found a staircase to the Lair.
  7117 | D:9      | Found a bloodstained altar of Trog.
  7134 | D:9      | Noticed a two-headed ogre
  7140 | D:9      | Killed a two-headed ogre
  7141 | D:9      | Reached skill level 10 in Fighting
  7141 | D:9      | Reached skill level 10 in Axes
  7150 | D:9      | Noticed a tengu warrior
  7151 | D:9      | Noticed a six-headed hydra
  7155 | D:9      | Slain by a seven-headed hydra

Illustrated notes

Levels and vault maps discovered:
D:1:      lemuel_arrival_lava_pool, layout_loops_ring,
          hellmonk_ecumenical_altar_heavens_door
D:2:      layout_loops_ring, serial_shops, nicolae_shop_overgrown_old_shop,
          shop_fountains, nicolae_diamond_shop, serial_glass, glass_columns_a,
          glass_columns_b, st_stairs_12, uniq_sigmund, uniq_jessica
D:3:      gammafunk_steamed_eel, layout_rooms, kennysheep_slug_shrine,
          nicolae_sif_muna_condensation, evilmike_ruin_ashenzari
D:4:      layout_cave_pools, amcnicky_altar_gilded, kennysheep_little_box,
          nemelex_spade_bored_becter, uniq_robin
D:5:      layout_basic, minmay_temple_entry_offerings, ebering_ghost_sewer_d
D:6:      layout_rooms, grunt_gozag_statues, serial_shops, shop
D:7:      layout_cave_pools, nicolae_overflow_hidden_temple, uniq_maggie
D:8:      layout_cave_pools, nicolae_ru_path_of_blood,
          ebering_ghost_reflecting_pool, uniq_harold
D:9:      layout_irregular_city, mainiacjoe_overflow_catwalk,
          mainiacjoe_overflow_alcove_4, kiku_gazebo_pond_becter,
          corexii_checkpoint_a, minmay_pinched_square
Temple:   compressed_dpeg_triangle_lava_temple

Skill      XL: |  1  2  3  4  5  6  7  8  9 10 |
---------------+-------------------------------+-----
Fighting       | 4 5 6 8 9 10 | 10.2
Axes           | 4 5 6 8 9 10 | 10.2
Armour         | 3 4 5 6 7 9 |  9.9
Dodging        | 3 4 5 6 8 9 |  9.1

Action                   |  1- 3 |  4- 6 |  7- 9 | 10-12 || total
-------------------------+-------+-------+-------+-------++-------
Melee: Hand axe          |    40 |    73 |       |       ||   113
       Headbutt          |     6 |    19 |    38 |     8 ||    71
       War axe           |       |    16 |   108 |       ||   124
       Punch             |       |     1 |     2 |     1 ||     4
       Broad axe         |       |       |    63 |    40 ||   103
Invok: Berserk           |     1 |     4 |     8 |     2 ||    15
Evoke: Wand              |       |     2 |       |       ||     2
Armor: Plate armour      |    14 |    65 |    97 |       ||   176
       Swamp dragon scal |       |       |    32 |    30 ||    62
Dodge: Dodged            |    18 |    46 |   106 |    64 ||   234
